Map: Terraform LE (Void)

Players

VMorghulis - Winner!

  • Race: Zerg Zerg
  • League: Gold

wabbajack

  • Race: Zerg Zerg
  • League: Gold

VOD

Have the link to the VOD?

Description

Time

  • Played on: July 19, 2015, 5:21 p.m.
  • Length: 7:17
Show
View Real Time Build Order
Export as new Build Order

VMorghulis Zerg - Winner!

Build Orders: Pool First 

Get SALT Encoding   

  12  0:01  Drone  
  13  0:08  Drone  
  14  0:20  Overlord  
  14  0:25  Extractor  
  14  0:26  Drone  
  14  0:40  Spawning Pool  
  13  0:43  Drone  
  13  0:49  Drone  
  15  0:50  Drone  
  15  0:56  Drone  
  17  1:06  Overlord  
  17  1:17  Drone  
  18  1:26  Queen  
  18  1:28  Drone  
  21  1:32  Metabolic Boost  
  21  1:38  Zergling x2  
  22  1:50  Zergling x2  
  23  2:01  Hatchery  
  22  2:02  Zergling x2  
  23  2:12  Zergling x2  
  24  2:22  Zergling x2  
  25  2:23  Queen  
  27  2:31  Overlord  
  27  2:38  Drone x3  
  30  2:45  Roach Warren  
  29  2:52  Overlord  
  29  2:53  Drone  
  26  3:31  Drone x7  
  32  3:36  Roach x2  
  32  3:39  Roach x3  
  32  3:40  Roach  
  44  3:48  Overlord  
  44  3:59  Overlord  
  44  4:00  Overlord  
  44  4:02  Lair  
  44  4:09  Drone x2  
  46  4:11  Drone x2  
  46  4:13  Drone  
  46  4:15  Drone  
  50  4:18  Drone  
  50  4:21  Drone  
  50  4:23  Drone  
  53  4:26  Drone  
  53  4:27  Drone  
  53  4:30  Extractor  
  54  4:32  Drone x2  
  54  4:36  Drone, Extractor  
  54  4:37  Drone  
  57  4:41  Overlord  
  57  4:43  Drone x2  
  57  4:44  Drone  
  60  4:47  Overlord  
  60  5:00  Roach  
  60  5:01  Roach x4  
  60  5:03  Glial Reconstitution  
  70  5:12  Overlord x2  
  70  5:13  Roach  
  72  5:14  Roach  
  72  5:20  Roach x2  
  78  5:25  Roach  
  78  5:26  Roach  
  78  5:27  Roach  
  84  5:35  Roach x2  
  88  5:37  Roach  
  88  5:42  Roach  
  92  5:43  Roach  
  92  5:45  Roach  
  92  5:49  Overlord  
  88  5:50  Roach  
  88  5:52  Roach  
  88  5:54  Roach  
  86  6:02  Roach x2  
  90  6:06  Roach x2  
  90  6:09  Roach  
  96  6:11  Drone  
  96  6:12  Drone  
  96  6:13  Overlord  
  96  6:15  Queen  
  104  6:18  Roach x2  
  104  6:36  Roach  
  104  6:37  Roach x5  
  112  6:41  Roach  
  106  6:51  Roach  
  106  6:52  Roach  
  110  6:57  Roach  
Show
View Real Time Build Order
Export as new Build Order

wabbajack Zerg 

Build Orders: Hatch First 

Get SALT Encoding   

  12  0:01  Drone  
  13  0:09  Drone  
  14  0:18  Overlord  
  14  0:26  Drone, Extractor  
  14  0:29  Extractor  
  14  0:30  Drone  
  16  0:37  Drone  
  17  0:56  Hatchery  
  16  1:07  Drone x3, Extractor  
  18  1:22  Spawning Pool  
  18  1:25  Drone  
  18  1:31  Drone  
  19  1:42  Drone  
  20  1:51  Drone  
  21  2:01  Overlord  
  21  2:09  Queen x2  
  21  2:10  Metabolic Boost  
  25  2:15  Zergling x2  
  25  2:17  Drone  
  27  2:24  Spine Crawler  
  27  2:25  Drone  
  27  2:28  Drone  
  28  2:34  Drone x2  
  30  2:42  Drone  
  31  2:51  Roach Warren  
  29  3:12  Zergling x2  
  30  3:13  Zergling x8  
  33  3:24  Queen  
  30  3:38  Overlord  
  30  3:39  Overlord  
  30  3:58  Drone x2  
  30  3:59  Drone x2  
  34  4:05  Spine Crawler  
  34  4:08  Drone  
  34  4:23  Roach  
  34  4:24  Roach  
  38  4:25  Roach  
  38  4:26  Roach x5  
  38  4:29  Roach  
  52  4:38  Overlord  
  52  5:00  Overlord  
  52  5:02  Lair  
  52  5:10  Zergling x16  
  60  5:14  Overlord  
  60  5:15  Overlord  
  60  5:20  Drone x3  
  60  5:21  Drone x2  
  59  5:41  Ravager  
  40  6:05  Extractor  
  40  6:08  Roach  
  40  6:09  Roach x3  
  40  6:11  Zergling x8  
  48  6:12  Zergling x2  
  52  6:25  Hatchery  
  51  6:26  Drone x3  
  48  6:39  Roach x4  
  50  6:40  Zergling x10  
  35  7:08  Hatchery  
Tags
 
Add a new tag
Caveats
  • Supply blocks, unpowered buildings, or Contaminate may cause inaccurate times.
  • Supply counts are checked every 10 seconds.